 Dungeon Sprint DCSS version 0.28-a0-828-g0121872642 (webtiles) character file.

Game seed: 8744011619314180929

198 xpp the Carver (level 6, -2/50 HPs)
             Began as a Formicid Hunter on Nov 11, 2021.
             Was a Believer of the Shining One.
             Slain by a deep elf knight (16 damage)
             ... in the Dungeon (Sprint V: "Ziggurat Sprint").
             The game lasted 00:08:29 (158 turns).

xpp the Carver (Formicid Hunter)                     Turns: 158, Time: 00:08:30

Health: -2/50      AC: 18    Str: 24    XL:     6   Next: 6%
Magic:  6/6        EV:  4    Int: 10    God:    the Shining One [**....]
Gold:   0          SH:  7    Dex: 12    Spells: 5/5 levels left

rFire   + . .      SeeInvis +   a - +5 fustibalus
rCold   + . .      Faith    .   b - +3 buckler
rNeg    + . .      Spirit   .   D - +5 gold dragon scales
rPois   +          Reflect  .   (helmet unavailable)
rElec   .          Harm     .   (no cloak)
rCorr   .          Rampage  .   (no gloves)
Will    .....                   (no boots)
Stlth   ..........              (no amulet)
HPRegen 0.16/turn               r - ring of flight
MPRegen 0.10/turn               w - +6 ring of strength

@: lethally poisoned (-2 -> -13), flying, glowing
A: permanent stasis, dig shafts and tunnels, antennae 3, four strong arms
a: Dig, Renounce Religion, Divine Shield


You were in the Dungeon.
You worshipped the Shining One.
The Shining One was pleased with you.
You visited 1 branch

Inventory:

Hand Weapons
 a - a +5 fustibalus (weapon)
 E - the +7 Singing Sword {vorpal, sonic wave}
   (You found it in the Dungeon)

   It inflicts extra damage upon your enemies.
   It radiates damaging sonic waves as it strikes, especially in combat
   involving dangerous or numerous foes.
 F - the +11 plutonium sword {Contam Stlth-}
   (You found it in the Dungeon)

   It occasionally inflicts wild transmutation effects on those it strikes,
   inflicting malmutation or extra damage, or polymorphing them into a new form.
   Contam:    It causes magical contamination when unequipped.
   Stlth:     It makes you less stealthy.
 G - the +5 sword of Power {vorpal}
   (You found it in the Dungeon)

   It inflicts extra damage upon your enemies.
   It occasionally discharges a powerful but inaccurate bolt of energy upon
   striking a foe, with increased chance the greater the wielder's current
   health.
 I - a +5 demon blade
Missiles
 d - 1019 sling bullets (quivered ammo)
Armour
 b - a +3 buckler (worn)
 c - a +3 kite shield
 C - a +3 tower shield
 D - +5 gold dragon scales (worn)
Jewellery
 r - a ring of flight (left hand)
 w - a +6 ring of strength (right hand)
Wands
 y - a wand of mindburst (5)
 z - a wand of iceblast (5)
 A - a wand of acid (7)
Scrolls
 m - 4 scrolls of amnesia
 n - 7 scrolls of fog
 o - a scroll of holy word
 p - 5 scrolls of identify
 q - 2 scrolls of fear
Potions
 e - 9 potions of curing
 f - 10 potions of heal wounds
 g - 7 potions of magic
 h - 2 potions of brilliance
 i - 2 potions of invisibility
 j - 4 potions of resistance
 l - 5 potions of might
Miscellaneous
 B - a lightning rod (4/4)


   Skills:
 + Level 4.8 Fighting
 * Level 10.3 Long Blades
 - Level 4.3 Slings
 + Level 2.1 Armour
 + Level 4.0 Dodging
 - Level 1.2 Stealth
 + Level 1.7 Shields


You had 5 spell levels left.
You didn't know any spells.
Your spell library contained the following spells:

 Spells                   Type           Power      Damage    Failure   Level
 Animate Armour           Summ/Erth      0%         N/A       100%        4
 Blade Hands              Tmut           0%         N/A       100%        5
 Iron Shot                Conj/Erth      0%         9d1       100%        6


Dungeon Overview and Level Annotations

Branches:
Dungeon (1/1)

Altars:
Ashenzari
Cheibriados
Dithmenos
Elyvilon
Fedhas
Gozag
Hepliaklqana
Kikubaaqudgha
Makhleb
Nemelex Xobeh
Okawaru
Qazlal
Ru
Sif Muna
Trog
Uskayaw
Vehumet
Wu Jian
Xom
Yredelemnul
Zin
The Shining One
Beogh
Jiyva
Lugonu

Annotations:
D 1 transporter


Innate Abilities, Weirdness & Mutations

You cannot be hasted, slowed, berserked, paralysed or teleported.
You can dig through walls and to a lower floor.
You have a pair of large antennae on your head. (SInv)
Your four strong arms can wield two-handed weapons with a shield.


Message History

The fire elemental is almost destroyed.
The iceblast engulfs the +2 trident of venom!
The +2 trident of venom partially resists.
The +2 trident of venom is heavily damaged.
The +2 trident of venom hits you from afar!
The +2 trident of venom hits you but does no damage.
You are poisoned.
The deep elf knight gestures wildly while chanting.
The deep elf knight seems to speed up.
Fire: 1020 sling bullets
Press: ? - help, Q - select action, (/) - cycle Shift-Dir - straight line, f - +2 trident of venom, p - fire elemental
Aim: a +2 trident of venom (moderately damaged, haloed, 46% to hit)
You shoot a sling bullet.
The sling bullet hits the fire elemental.
You destroy the fire elemental!
You feel very sick.
The +2 trident of venom hits you from afar.
The deep elf knight gestures at you while chanting.
The shard of ice hits you but does no damage.
The +2 trident of venom hits you from afar!
* * * LOW HITPOINT WARNING * * *
You are more poisoned.
Your Fighting skill increases to level 4!
Your Long Blades skill gained 2 levels and is now at level 10!
Your Armour skill gained 2 levels and is now at level 2!
Your Dodging skill gained 2 levels and is now at level 4!
Your Shields skill increases to level 1!
You have reached level 5!
You have reached level 6!
Your experience leads to an increase in your attributes!
Your base attributes are Str 18, Int 10, Dex 11.
Increase (S)trength, (I)ntelligence, or (D)exterity?
You feel agile.
You feel better.
The +2 trident of venom barely misses you.
The +2 trident of venom hits you but does no damage.
You are poisoned.
The +2 trident of venom hits you but does no damage.
The deep elf knight hits you with a +0 scimitar!
You die...

▓▓▓▓▓▓▓▓▓▓▓▓▓
▓.8©8.▓.8©8.▓
{{
▓.}:}.▓.....▓
{
▓.....▓.)...▓
▓...°.▓.....▓
▓..(..▓.....▓
▓..e@.▓..©..▓
▓..©..▓▓▓▓▓▓▓
▓▓▓▓▓▓▓ {{
{{{ { { {


You could see a deep elf knight (fast, invisible) and a +2 trident of venom.

Vanquished Creatures
  A fire elemental (D)
  A crimson imp (D)
  An iron imp (D)
3 creatures vanquished.

Notes
Turn   | Place    | Note
-------+----------+-------------------------------------------
     0 | D        | xpp the Formicid Hunter began the quest for the Orb.
     0 | D        | Reached XP level 1. HP: 16/16 MP: 1/1
     0 | D        | Found a shimmering blue altar of Sif Muna.
     0 | D        | Found a sacrificial altar of Ru.
     0 | D        | Found a bloodstained altar of Trog.
     0 | D        | Found a stormy altar of Qazlal.
     0 | D        | Found an iron altar of Okawaru.
     0 | D        | Found a sparkling altar of Nemelex Xobeh.
     0 | D        | Found a blossoming altar of Fedhas.
     0 | D        | Found the +6 Majin-Bo {vamp, MP+6 Int+6}
     0 | D        | Found the +9 heavy crossbow "Sniper" {vorpal, Acc+∞ SInv}
     0 | D        | Found the +10 dark maul {vorpal}
     0 | D        | Found the +15 Maxwell's patent armour {-Cast -Tele rElec
                  | Will+ rCorr}
     0 | D        | Found the +18 shield of the Gong {rElec rN+ Will+ EV-5}
     0 | D        | Found the +14 obsidian axe {vorpal, Mesm Drain Fly SInv}
     0 | D        | Found the +7 great mace "Firestarter" {inner flame, rF++}
     0 | D        | Found the +6 shillelagh "Devastator" {shatter}
     0 | D        | Found the +11 plutonium sword {Contam Stlth-}
     0 | D        | Found the +8 lance "Wyrmbane" {slay drac, rPois rF+ rC+
                  | AC+3}
     0 | D        | Found the +9 sword of Zonguldrok {reap}
     0 | D        | Found the +13 scythe of Curses {drain, Drain}
     0 | D        | Found the +5 sword of Power {vorpal}
     0 | D        | Found the +7 mace of Variability {chain chaos}
     0 | D        | Found the +7 Singing Sword {vorpal, sonic wave}
     0 | D        | Found the +8 storm bow {elec, penet}
     2 | D        | Found a transporter.
     2 | D        | Found an ancient bone altar of Kikubaaqudgha.
     2 | D        | Found a viscous altar of Jiyva.
     2 | D        | Found a corrupted altar of Lugonu.
     2 | D        | Found a hazy altar of Hepliaklqana.
     2 | D        | Found a burning altar of Makhleb.
     2 | D        | Found an opulent altar of Gozag.
     9 | D        | Banished a spatial maelstrom
   106 | D        | Reached skill level 7 in Long Blades
   106 | D        | Reached XP level 2. HP: 22/22 MP: 2/2
   117 | D        | Became a worshipper of the Shining One
   131 | D        | Entered arena 2.
   131 | D        | Noticed a crimson imp
   131 | D        | Reached * piety under the Shining One
   131 | D        | Found a transporter.
   134 | D        | Killed a crimson imp
   135 | D        | Reached skill level 8 in Long Blades
   135 | D        | Reached XP level 3. HP: 25/29 MP: 3/3
   138 | D        | Reached XP level 4. HP: 33/35 MP: 4/4
   153 | D        | Entered arena 3.
   153 | D        | Noticed a deep elf knight
   153 | D        | Reached ** piety under the Shining One
   153 | D        | Noticed a +2 trident of venom
   153 | D        | Noticed a fire elemental
   153 | D        | Found a transporter.
   156 | D        | Killed a fire elemental
   157 | D        | Reached skill level 10 in Long Blades
   157 | D        | Reached skill level 1 in Shields
   157 | D        | Reached XP level 5. HP: 3/43 MP: 5/5
   157 | D        | Reached XP level 6. HP: 3/50 MP: 6/6
   158 | D        | Slain by a deep elf knight

Illustrated notes

Levels and vault maps discovered:
D:        sprint_v [room_start, room_1, room_2, room_3, room_4, room_5, room_6,
          room_7, room_8, room_9, room_10, room_11, room_12, room_13, room_14,
          room_15, room_16, room_17, room_18, room_19, room_20, room_21,
          room_22, room_23, room_24, room_25, room_26, room_27]

Skill      XL: |  1  2  3  4 |
---------------+-------------+-----
Long Blades    | 7 8 10 | 10.3
Fighting       | 3 4 |  4.8
Dodging        | 2 4 |  4.0
Armour         | 2 |  2.1
Shields        | 1 |  1.7
Slings         | |  4.3
Stealth        | |  1.2

Action                   |  1- 3 |  4- 6 || total
-------------------------+-------+-------++-------
Melee: Double sword      |     2 |       ||     2
 Fire: Fustibalus        |     1 |     1 ||     2
Evoke: Wand              |     2 |     2 ||     4
  Use: Potion            |     1 |     1 ||     2
Armor: Gold dragon scale |     1 |     4 ||     5
Dodge: Dodged            |       |     1 ||     1
Block: Buckler           |     2 |       ||     2

Table legend: (Time is in decaauts)
 A = Elapsed time spent in this place.
 B = Non-inter-level travel time spent in this place.
 C = Inter-level travel time spent in this place.
 D = Time resting spent in this place.
 E = Time spent auto-exploring this place.
 F = Levels seen in this place.
 G = Mean time per level.
                   A        B        C        D        E       F      G
               +--------+--------+--------+--------+--------+-----+--------+
         Total |    156 |    156 |      0 |      0 |      0 |   1 |  156.0 |
       Dungeon |    156 |    156 |      0 |      0 |      0 |   1 |  156.0 |
               +--------+--------+--------+--------+--------+-----+--------+

Top non-repeatable levels by time:
       D: 156 daAuts
